cohdb
Replays
Latest Replays
All Replays
Popular Replays
Top Player Replays
Match Explorer
How It Works
Community
CoH3 Stats
Reddit
Sign in to upload your games and track your stats! →
Sign in with Steam
Match 42851238
Unlisted
Match 42851238
Overview
Messages
Build Orders
End
Panzergrenadier Squad
Selects Panzerjäger Kommand Battlegroup
Selects Mine Fields
Kradschützen Motorcycle Team
Panzergrenadier Squad
Construct Light Support Kompanie
MG34 Team
Combat Half-tracks
Construct Mechanized Kompanie
Vehicle Survival Package
Panzerjäger Mechanized Group
MG34 Team
MG34 Team
Selects Early Warning
Selects Butterfly Bomb Drop
Butterfly Bomb Drop
Construct Panzerarmee Kommand
Panzerjäger Squad
MG34 Team
Walking Stuka Rocket Launcher
Butterfly Bomb Drop
Marder III Tank Destroyer
Selects GrB 39 Grenade Launcher Requisition
Selects Crew Shock Tactics
Armored Reserves
Butterfly Bomb Drop
Panzer IV Assault Group
Cpt.Bod
N2RVE
Bran
DrewP
0
0
Comments
sign in to comment!
No comments posted yet!